 Dungeon Crawl Stone Soup version 0.21-a0-504-g2eda330 (webtiles) character file.

443 Fraydo the Ruffian (level 6, 60/62 HPs)
             Began as a Troll Monk on July 13, 2017.
             Was a Priest of Makhleb.
             Quit the game on level 4 of the Dungeon on Nov 26, 2017.
             The game lasted 00:06:55 (2610 turns).

Fraydo the Ruffian (Troll Monk)                     Turns: 2610, Time: 00:06:56

Health: 60/62      AC:  5    Str: 22    XL:     6   Next: 71%
Magic:  14/14      EV: 10    Int:  6    God:    Makhleb [***...]
Gold:   249        SH:  0    Dex: 15    Spells: 5/5 levels left

rFire    . . .     SeeInvis .     - Unarmed
rCold    . . .     Gourm    +   (no shield)
rNeg     . . .     Faith    .   a - +0 robe
rPois    .         Spirit   +   (helmet restricted)
rElec    .         Reflect  .   t - scarf {Spirit}
rCorr    .         Harm     +   (gloves unavailable)
MR       .....                  (boots unavailable)
Stlth    +.........             g - amulet of harm
HPRegen  0.60/turn              p - +3 ring of dexterity
MPRegen  0.14/turn              k - ring of magical power

@: drained
A: large, unfitting armour, claws 3, fast metabolism 3, gourmand, regeneration
1, shaggy fur 1, tough skin 2
a: Minor Destruction, Lesser Servant of Makhleb, Renounce Religion


You were on level 4 of the Dungeon.
You worshipped Makhleb.
Makhleb was most pleased with you.
You were completely stuffed.

You visited 1 branch of the dungeon, and saw 4 of its levels.

You collected 249 gold pieces.

Inventory:

Missiles
 e - a throwing net (quivered)
 m - 2 javelins
Armour
 a - a +0 robe (worn)
 t - a scarf of spirit shield (worn)
 w - a +2 cloak
Jewellery
 g - an amulet of harm (around neck)
 k - a ring of magical power (right claw)
 p - a +3 ring of dexterity (left claw)
Wands
 q - a wand of flame (34)
Scrolls
 c - 7 scrolls of identify {unknown}
 f - 2 scrolls of fog {unknown}
 h - a scroll of fear {unknown}
 l - a scroll of magic mapping {unknown}
 r - 2 scrolls of remove curse {unknown}
 s - a scroll of teleportation {unknown}
 u - a scroll of removedness
 v - a scroll of blinking {unknown}
Potions
 d - 2 potions of mutation {unknown}
 i - 2 potions of curing {unknown}
 j - 3 potions of cancellation {unknown}
 n - 2 potions of heal wounds {unknown}
 x - a potion of invisibility {unknown}
Comestibles
 b - 2 bread rations
 o - 2 meat rations


   Skills:
 + Level 4.0(3.1) Fighting
 - Level 2.6(1.7) Dodging
 - Level 1.0(0.2) Stealth
 * Level 6.4(5.4) Unarmed Combat


You had 5 spell levels left.
You didn't know any spells.

Dungeon Overview and Level Annotations

Branches:
Dungeon (4/15)
 Temple: D:4-7

Altars:
Ashenzari
Makhleb


Innate Abilities, Weirdness & Mutations

You are too large for most types of armour.
You have claws for hands.
Your metabolism is lightning-fast.
You like to eat raw meat.
Your natural rate of healing is unusually fast.
You are covered in fur. (AC +1)
You have very tough skin. (AC +2)


Message History

The goblin shoots a stone.
The stone hits you.
You see here a stone.
The goblin shoots a stone.
The stone closely misses you.
The goblin shoots a stone.
The stone hits you.
You see here a stone.
Why would you want to do that?
The goblin shoots a stone.
The stone barely misses you.
You see here a stone.
The goblin shoots a stone.
The stone closely misses you.
You see here a goblin corpse.
The goblin shoots a stone.
The stone hits you.
You see here 3 stones.
Unknown command.
Unknown command.
Welcome back, Fraydo the Troll Monk.
Blood and souls for Makhleb!
Press ? for a list of commands and other information.
Quiver which item? (- for none, * to show all) (? for menu, Esc to quit)
Okay, then.
Are you sure you want to abandon this character and quit the game? (Confirm with "yes".)

#≈≈.....#...........###
#≈≈≈....#...........#
###≈≈.....#...........#
#>'g≈(....#...........#
###≈≈.....#...#.......#
#≈≈≈.(..#...........#
#≈.≈..†(#...........###
########(#..............
.......@.(..............
.####..........##....>..
##......#####......#
#....### #.......#
#....# #........# #.....
............
....................
........#####........
..###..## ##.......


There were no monsters in sight!

Vanquished Creatures
  Sigmund (D:2)
  A crimson imp (D:3)
  A hound (D:2)
  2 bullfrog skeletons (D:4)
  Robin (D:3)
  5 adders (D:3)
  An ooze (D:2)
  4 worms (D:2)
  4 dart slugs
  4 leopard geckos
  7 orcs
  A giant cockroach (D:1)
  16 goblins
  10 hobgoblins
  2 jackals (D:1)
  2 quokkas (D:2)
  A ball python (D:2)
  11 bats
  7 frilled lizards
  3 kobolds (D:1)
  5 rats
89 creatures vanquished.

Notes
Turn   | Place    | Note
-------+----------+-------------------------------------------
     0 | D:1      | Fraydo the Troll Monk began the quest for the Orb.
     0 | D:1      | Reached XP level 1. HP: 22/22 MP: 0/0
   120 | D:1      | Reached XP level 2. HP: 27/29 MP: 1/1
   594 | D:2      | Reached XP level 3. HP: 35/36 MP: 2/2
   902 | D:2      | Noticed Sigmund
   911 | D:2      | Killed Sigmund
   911 | D:2      | Reached skill level 5 in Unarmed Combat
   911 | D:2      | Reached XP level 4. HP: 34/45 MP: 3/3
   911 | D:2      | Reached XP level 5. HP: 40/53 MP: 4/4
  1004 | D:2      | Found a burning altar of Makhleb.
  1014 | D:2      | Became a worshipper of Makhleb the Destroyer
  1014 | D:2      | Reached * piety under Makhleb
  1014 | D:2      | Reached ** piety under Makhleb
  1521 | D:3      | Reached XP level 6. HP: 62/62 MP: 5/5
  1601 | D:3      | Found a shattered altar of Ashenzari.
  1621 | D:3      | Noticed Robin
  1625 | D:3      | Killed Robin
  1799 | D:3      | Reached skill level 6 in Unarmed Combat
  1908 | D:3      | Reached *** piety under Makhleb
  2610 | D:4      | Upgraded the game from 0.21-a0-113-g6841d05 to 0.21-a0-504-g2eda330
  2610 | D:4      | Quit the game

Vault maps used:
D:1:      onia_arrival_mini_spirals, minmay_tetromino_o2
D:2:      makhleb_heckhound_becter, serial_glass, glass_columns_b,
          glass_columns_a, glass_columns_b, glass_columns_a, glass_columns_a,
          glass_columns_a, uniq_sigmund
D:3:      cheibrodos_ashenzari_chains, minmay_vboxes, uniq_robin
D:4:      cheibriados_altar_1, old_standard_altar, first_bread,
          grunt_decor_arrowhead, minmay_goblin_outpost

Skill      XL: |  1  2  3  4  5  6 |
---------------+-------------------+-----
Fighting       | 3 4 |  4.0
Unarmed Combat | 5 6 |  6.4
Dodging        | |  2.6
Stealth        | |  1.0

Action                   |  1- 3 |  4- 6 || total
-------------------------+-------+-------++-------
Melee: Unarmed           |    78 |   127 ||   205
       Punch             |     1 |       ||     1
 Stab: Sleeping          |     2 |     2 ||     4
  Eat: Chunk             |    10 |    19 ||    29
Armor: Robe              |    31 |    52 ||    83
Dodge: Dodged            |    25 |    89 ||   114

Table legend:
 A = Spawn XP
 B = Non-spawn XP
 C = Spawn XP percentage of total XP
 D = Spawn monster count
 E = Non-spawn monster count
 F = Spawn count percentage of total count
 G = Total turns spent on level
                    A         B        C        D         E        F      G
               +---------+---------+-------+---------+---------+-------+---------
         Total |       0 |       0 |   N/A |       0 |       0 |   N/A |     0
               +---------+---------+-------+---------+---------+-------+---------
               +---------+---------+-------+---------+---------+-------+---------
